 Dungeon Crawl Stone Soup version 0.21-a0-221-gfe971b9 (webtiles) character file.

188 Moloch the Chopper (level 5, -3/42 HPs)
             Began as a Demonspawn Fighter on Aug 26, 2017.
             Slain by a hippogriff (9 damage)
             ... on level 3 of the Dungeon.
             The game lasted 00:02:54 (2846 turns).

Moloch the Chopper (Demonspawn Fighter)             Turns: 2846, Time: 00:02:55

Health: -3/42      AC:  7    Str: 16    XL:     5   Next: 39%
Magic:  5/5        EV:  6    Int:  9    God:
Gold:   80         SH:  8    Dex: 14    Spells: 4/4 levels left

rFire    . . .     SeeInvis +   a - +0 war axe
rCold    . . .     Gourm    .   c - +0 shield
rNeg     + . .     Faith    .   b - +0 scale mail
rPois    .         Spirit   .   (helmet restricted)
rElec    .         Reflect  .   (no cloak)
rCorr    .         Harm     .   (no gloves)
MR       .....                  m - +0 pair of boots
Stlth    ..........             (no amulet)
HPRegen  0.14/turn              k - ring of see invisible
MPRegen  0.09/turn              u - ring of positive energy

@: no status effects
A: antennae 2
a: no special abilities


You were on level 3 of the Dungeon.
You were not hungry.

You visited 1 branch of the dungeon, and saw 3 of its levels.

You collected 80 gold pieces.

Inventory:

Hand Weapons
 a - a +0 war axe (weapon)
Armour
 b - a +0 scale mail (worn)
 c - a +0 shield (worn)
 m - a +0 pair of boots (worn)
Jewellery
 k - a ring of see invisible (left hand)
 l - an uncursed ring of protection from magic {unknown}
 u - a ring of positive energy (right hand)
Scrolls
 e - 2 scrolls of remove curse
 h - a scroll of blinking {unknown}
 n - a scroll of fog {unknown}
 p - a scroll of amnesia {unknown}
 r - a scroll of magic mapping {unknown}
Potions
 d - 2 potions of might
 i - a potion of lignification {unknown}
 o - a potion of degeneration {unknown}
 q - a potion of brilliance {unknown}
Comestibles
 f - 2 bread rations
 g - a meat ration
 j - a royal jelly
 s - 3 fruits
 t - a chunk of flesh


   Skills:
 + Level 3.8 Fighting
 + Level 4.6 Axes
 - Level 2.6 Armour
 - Level 2.6 Shields


You had 4 spell levels left.
You didn't know any spells.

Dungeon Overview and Level Annotations

Branches:
Dungeon (3/15)

Altars:


Innate Abilities, Weirdness & Mutations

You have a pair of antennae on your head.


Message History

The hippogriff claws you.
You hit the hippogriff.
The hippogriff is moderately wounded.
The hippogriff bites you but does no damage.
You block the hippogriff's attack.
The hippogriff claws you but does no damage.
The hippogriff bites you. You block the hippogriff's attack.
The hippogriff claws you.
You completely miss the hippogriff.
The hippogriff is moderately wounded.
The hippogriff bites you but does no damage.
The hippogriff pecks you!
* * * LOW HITPOINT WARNING * * *
The hippogriff claws you.
* * * LOW HITPOINT WARNING * * *
You barely miss the hippogriff.
The hippogriff is moderately wounded.
The hippogriff bites you but does no damage.
You block the hippogriff's attack. x2; The hippogriff bites you!
You die...

#. #.. ....
#..##
##.....
##......#
#####.H...#
#....@#
#.###.# #.#
##.# ##..#
#.# ##..##
#.# { #..##
#.# #.##
#.#
#.######.#


You could see a hippogriff.

Vanquished Creatures
  An orc wizard (D:2)
  An orc priest (D:3)
  4 gnolls (D:2)
  An adder (D:3)
  An ooze (D:2)
  5 worms
  A dart slug (D:1)
  5 leopard geckos
  An orc (D:3)
  10 bats
  2 giant cockroaches
  7 goblins
  3 hobgoblins (D:1)
  9 jackals
  A ball python (D:1)
  A frilled lizard (D:2)
  5 rats
58 creatures vanquished.

Notes
Turn   | Place    | Note
-------+----------+-------------------------------------------
     0 | D:1      | Moloch the Demonspawn Fighter began the quest for the Orb.
     0 | D:1      | Reached XP level 1. HP: 18/18 MP: 1/1
    27 | D:1      | Reached skill level 2 in Axes
    42 | D:1      | Gained mutation: You have a pair of small antennae on your head. [demonic ancestry]
    42 | D:1      | Reached XP level 2. HP: 12/24 MP: 2/2
   550 | D:1      | Reached XP level 3. HP: 17/29 MP: 3/3
   995 | D:1      | Reached skill level 3 in Axes
  1659 | D:2      | Gained mutation: You have a pair of antennae on your head. [demonic ancestry]
  1659 | D:2      | Reached XP level 4. HP: 32/35 MP: 4/4
  2265 | D:2      | Reached skill level 4 in Axes
  2401 | D:2      | Reached XP level 5. HP: 10/42 MP: 5/5
  2838 | D:3      | Noticed a hippogriff
  2846 | D:3      | Slain by a hippogriff

Vault maps used:
D:1:      shiori_angband_town, corner_web_ring
D:3:      kennysheep_slug_shrine, first_bread, uniq_crazy_yiuf_cottage

Skill      XL: |  1  2  3  4 |
---------------+-------------+-----
Axes           | 2 3 4 |  4.6
Fighting       | |  3.8
Armour         | |  2.6
Shields        | |  2.6

Action                   |  1- 3 |  4- 6 || total
-------------------------+-------+-------++-------
Melee: War axe           |   164 |    79 ||   243
  Use: Scroll            |     1 |       ||     1
  Eat: Chunk             |     3 |     4 ||     7
Armor: Scale mail        |    94 |    38 ||   132
Dodge: Dodged            |    52 |    24 ||    76
Block: Shield            |    85 |    37 ||   122

Table legend:
 A = Spawn XP
 B = Non-spawn XP
 C = Spawn XP percentage of total XP
 D = Spawn monster count
 E = Non-spawn monster count
 F = Spawn count percentage of total count
 G = Total turns spent on level
                    A         B        C        D         E        F      G
               +---------+---------+-------+---------+---------+-------+---------
         Total |      22 |     247 |   8.2 |      11 |      47 |  19.0 |  2846
               +---------+---------+-------+---------+---------+-------+---------
           D:1 |       7 |      43 |  14.0 |       5 |      23 |  17.9 |  1182
           D:2 |      15 |     137 |   9.9 |       6 |      18 |  25.0 |  1393
           D:3 |       0 |      67 |   0.0 |       0 |       6 |   0.0 |   271
               +---------+---------+-------+---------+---------+-------+---------
